 Dungeon Crawl Stone Soup version 0.31-a0-150-g89dc3ad700 (webtiles) character file.

Game seed: 9872233147417375740

60 iguanaiguana the Sneak (level 3, -1/22 HPs)
             Began as a Deep Elf Delver on June 9, 2023.
             Was an Initiate of Wu Jian.
             Shot with a sling bullet by a goblin (3 damage)
             ... on level 4 of the Dungeon.
             The game lasted 00:06:14 (620 turns).

iguanaiguana the Sneak (Deep Elf Delver)             Turns: 620, Time: 00:06:14

Health: -1/22      AC:  3    Str:  9    XL:     3   Next: 80%
Magic:  5/5        EV: 12    Int: 14    God:    Wu Jian [......]
Gold:   49         SH:  0    Dex: 18    Spells: 2/2 levels left

rFire   . . .        a - +0 short sword
rCold   . . .        (no shield)
rNeg    . . .        b - +0 leather armour
rPois   .            (no helmet)
rElec   .            (no cloak)
rCorr   .            (no gloves)
SInv    .            (no boots)
Will    .....        (no amulet)
Stlth   ++           (no ring)
HPRegen 0.23/turn    (no ring)
MPRegen 0.09/turn

%: no passive effects
@: silenced
A: no striking features
a: Renounce Religion


You were on level 4 of the Dungeon.
You worshipped Wu Jian.
Wu Jian was noncommittal.
You visited 1 branch of the dungeon, and saw 2 of its levels.
You also visited: Sewer.

You collected 49 gold pieces.

Inventory:

Hand Weapons
 a - a +0 short sword (weapon)
Armour
 b - a +0 leather armour (worn)
Scrolls
 c - a scroll of fog
 d - a scroll of fear


   Skills:
 - Level 2.4 Fighting
 + Level 4.2 Short Blades
 - Level 2.4 Dodging
 - Level 6.0 Stealth


You had 2 spell levels left.
You didn't know any spells.
Your spell library was empty.

Dungeon Overview and Level Annotations

Branches:
Dungeon (5/15) Zot: 11451  Temple (0/1) D:5           Sewer (visited)

Altars:
Wu Jian

Annotations:
D:4 exclusions: adder and ogre
D:5 exclusions: hound, orc wizard, sleepcap, zombie and 1 more exclusion


Message History

The orc hits you with a +0 whip.
* * * LOW HITPOINT WARNING * * *
You barely miss the orc.
The orc is moderately wounded.
You completely miss the orc.
The orc is moderately wounded.
You hit the orc.
The orc is heavily wounded.
The orc hits you with a +0 whip.
* * * LOW HITPOINT WARNING * * *
You aren't carrying any potions.
Magic scrolls do not work when you're silenced!
You hit the orc.
You kill the orc!
You hit the orc.
The orc is heavily wounded.
You closely miss the orc. Your punch misses the orc.
The orc is heavily wounded.
The orc hits you with a +0 short sword.
* * * LOW HITPOINT WARNING * * *
You closely miss the orc.
The orc is heavily wounded.
You barely miss the orc.
The orc is heavily wounded.
The orc hits you with a +0 short sword.
* * * LOW HITPOINT WARNING * * *
You hit the orc.
You kill the orc!
You hit the orc.
The orc is heavily wounded.
The orc hits you with a +0 hand axe.
* * * LOW HITPOINT WARNING * * *
You hit the orc but do no damage.
The orc is heavily wounded.
You hit the orc but do no damage.
The orc is heavily wounded.
You hit the orc.
You kill the orc!
The goblin shoots a sling bullet.
The sling bullet hits you.
You die...

........##~≈~~~##~#
........~~.....~~.#
........~≈..~..~~.#
...............~≈.#
........~~.....~~.#
.).....~~~...†.~~.#
........##~~~~~##.#
........##~~~~~##.#
............g..)@.#
.......###...######
.......# #.###
.......# #. .o ...
#... .g..


You could see a goblin.

Vanquished Creatures
  An orc wizard (D:4)
  A hound skeleton (D:5)
  2 adder zombies (D:5)
  5 orcs
  A ball python (D:4)
  An endoplasm (D:4)
  3 bats (D:4)
  A frilled lizard (D:4)
15 creatures vanquished.

Notes
Turn   | Place    | Note
-------+----------+-------------------------------------------
     0 | D:5      | iguanaiguana the Deep Elf Delver began the quest for the
                  | Orb.
     0 | D:5      | Reached XP level 1. HP: 13/13 MP: 3/3
    14 | D:5      | Found an ornate altar of the Wu Jian Council.
    24 | D:5      | Became a worshipper of the Wu Jian Council
    46 | D:5      | Noticed an iguana
    48 | D:5      | Noticed a sleepcap
    81 | D:5      | Found a staircase to the Ecumenical Temple.
    86 | D:5      | Noticed a hound
   223 | D:5      | Noticed a water moccasin zombie
   247 | D:5      | Reached XP level 2. HP: 8/18 MP: 4/4
   318 | D:5      | Noticed an orc warrior
   485 | D:4      | Noticed an ogre
   499 | D:4      | Found a glowing drain.
   530 | Sewer    | Entered a sewer
   579 | D:4      | Reached XP level 3. HP: 22/22 MP: 5/5
   620 | D:4      | Shot with a sling bullet by a goblin

Illustrated notes

Levels and vault maps discovered:
D:4:      layout_basic, kennysheep_mini_moat, cheibrodos_sewer_entry_sluice,
          minmay_hedge_maze
D:5:      minmay_recursive_quarters, layout_rooms,
          nicolae_wu_jian_immortal_techniques, minmay_temple_entry_large_hall,
          serial_undead, serial_undead_a, serial_undead_c, serial_undead_d,
          serial_undead_c, serial_undead_d, serial_undead_f,
          amcnicky_mini_rare_corridor_liquid, guppyfry_early_orc_mine

Skill      XL: |  1  2  3 |
---------------+----------+-----
Short Blades   | 3 4 |  4.2
Fighting       | |  2.4
Dodging        | |  2.4
Stealth        | |  6.0

Action                     || total
---------------------------++-------
  Melee: Short sword       ||    84
Ability: Lunge             ||     5
  Evoke: Wand              ||     3
    Use: Scroll            ||     3
         Potion            ||     1
   Stab: Sleeping          ||     3
 Armour: Leather armour    ||    20
  Dodge: Dodged            ||    35

Table legend: (Time is in decaauts)
 A = Elapsed time spent in this place.
 B = Non-inter-level travel time spent in this place.
 C = Inter-level travel time spent in this place.
 D = Time resting spent in this place.
 E = Time spent auto-exploring this place.
 F = Levels seen in this place.
 G = Mean time per level.
                   A        B        C        D        E       F      G
               +--------+--------+--------+--------+--------+-----+--------+
         Total |    598 |    569 |     29 |     52 |    141 |   3 |  199.3 |
       Dungeon |    548 |    519 |     29 |     52 |    110 |   2 |  274.0 |
         Sewer |     50 |     50 |      0 |      0 |     31 |   1 |   50.0 |
               +--------+--------+--------+--------+--------+-----+--------+

Top non-repeatable levels by time:
     D:5: 351 daAuts
     D:4: 196 daAuts
   Sewer: 50 daAuts
